 Dungeon Crawl Stone Soup version 0.20.1-1-g8b1a95d (webtiles) character file.

540 letownia2 the Reanimator (level 7, 51/55 HPs)
             Began as a Deep Dwarf Necromancer on Nov 5, 2017.
             Quit the game on level 3 of the Dungeon.
             The game lasted 00:12:15 (4566 turns).

letownia2 the Reanimator (Deep Dwarf Necromancer)   Turns: 4566, Time: 00:12:16

Health: 51/55      AC:  9    Str: 12    XL:     7   Next: 5%
Magic:  10/10      EV:  9    Int: 17    God:
Gold:   183        SH:  0    Dex: 13    Spells: 7/11 levels left

rFire    . . .     SeeInvis +   a - +0 dagger
rCold    . . .     Gourm    .   (no shield)
rNeg     . . .     Faith    .   m - +0 scale mail of Dogma {rElec MR+ SInv Stlth+}
rPois    .         Spirit   .   (no helmet)
rElec    +         Reflect  .   (no cloak)
rCorr    .         Harm     .   r - +0 pair of gloves (curse)
MR       ++...                  s - +0 pair of boots
Stlth    +.........             (no amulet)
Regen    0.0/turn               p - ring of loudness (curse)
MPRegen  0.2/turn               (no ring)

@: non-regenerating
A: damage resistance, heal wounds, sense surroundings 1, no regeneration
a: Heal Wounds


You were on level 3 of the Dungeon.
You were not hungry.

You visited 2 branches of the dungeon, and saw 6 of its levels.

You collected 183 gold pieces.

Inventory:

Hand Weapons
 a - a +0 dagger (weapon)
 i - a +0 war axe
Armour
 m - the +0 scale mail of Dogma (worn) {rElec MR+ SInv Stlth+}
   (You found it on level 4 of the Dungeon)

   It insulates you from electricity.
   It affects your resistance to hostile enchantments.
   It lets you see invisible.
   It makes you more stealthy.
 r - a cursed +0 pair of gloves (worn)
 s - a +0 pair of boots (worn)
 y - a +0 pair of gloves
Jewellery
 p - a cursed ring of loudness (left hand)
Scrolls
 d - 6 scrolls of remove curse {unknown}
 e - 6 scrolls of blinking {unknown}
 f - 2 scrolls of teleportation {unknown}
 g - a scroll of fear {unknown}
 k - 7 scrolls of identify {unknown}
 q - a scroll of amnesia {unknown}
 u - a scroll of enchant weapon {unknown}
Potions
 l - 3 potions of agility {unknown}
 n - 2 potions of mutation {unknown}
 o - 2 potions of degeneration {unknown}
 t - a potion of brilliance {unknown}
 v - a potion of haste {unknown}
 x - a potion of heal wounds {unknown}
 z - a potion of resistance {unknown}
Books
 b - a book of Necromancy

   Spells                             Type                      Level
   a - Pain                           Necromancy                   1
   b - Animate Skeleton               Necromancy                   1
   c - Vampiric Draining              Necromancy                   3
   d - Regeneration                   Charms/Necromancy            3
   e - Animate Dead                   Necromancy                   4
   f - Control Undead                 Necromancy                   4
Comestibles
 c - 3 bread rations
 h - 2 meat rations
 j - a fruit


   Skills:
 - Level 3.0 Armour
 - Level 2.1 Dodging
 - Level 2.4 Stealth
 + Level 2.5 Spellcasting
 + Level 8.3 Necromancy


You had 7 spell levels left.
You knew the following spells:

 Your Spells              Type           Power        Failure   Level  Hunger
a - Pain                  Necr           ####         3%          1    #......
v - Vampiric Draining     Necr           ####......   9%          3    ###....


Dungeon Overview and Level Annotations

Branches:
Dungeon (5/15)             Temple (1/1) D:5

Altars:
Ashenzari
Cheibriados
Elyvilon
Fedhas
Hepliaklqana
Kikubaaqudgha
Makhleb
Nemelex Xobeh
Ru
Sif Muna
Trog
Uskayaw
Xom
The Shining One

Shops:
D:5 ?

Annotations:
D:4 exclusions: goblin, ogre, phantom and 1 more exclusion, Robin


Innate Abilities, Weirdness & Mutations

You are resistant to damage.
You can heal yourself by infusing magical energy.
You passively map a small area around you.
You do not regenerate.


Message History

You finish putting on your cursed +0 pair of gloves.
Oops, that feels deathly cold.
Search for what [Enter for "glo", or ? for help]?
You see here a quarterstaff.
Partly explored, can't reach some places.
Partly explored, can't reach some places.
Partly explored, can't reach some places.
Partly explored, can't reach some places.
Partly explored, can't reach some places.
All of the chunks of flesh in your inventory have rotted away.
There is a stone staircase leading down here.
You climb downwards.
There is a stone staircase leading up here.
There is a stone staircase leading down here.
Put on which piece of jewellery? (? for menu, Esc to quit)
Okay, then.
Wear which item? (? for menu, Esc to quit)
Okay, then.
Okay, then.
Are you sure you want to abandon this character and quit the game? (Confirm with "yes".)

#.# ##.###.....## #.#
#####.###...........# #.#
#........#.###.#.##.#######.#
#.###......# #.#............#
#.# ####.### #.#.##.#########
#.# #.# #.#.##.# #.######.#
#......#
#........#######.#### #
##########...@....# #
#.......#####..# # #..##.#.#
#..# ### #
#..##.#.#####..#####.###### #
#..#.............<...)..... #
#.....#.####...#####.#####. #
#.##.##.# #.....# ### #. #
#.......####...## #. #
####.##........# #.


There were no monsters in sight!

Vanquished Creatures
  An ice beast (D:5)
  2 scorpions (D:4)
  A hound (D:5)
  2 orc wizards
  A gnoll shaman (D:5)
  2 worker ants (D:5)
  A hound skeleton (D:4)
  9 adders
  An ooze (D:4)
  2 worms (D:2)
  4 dart slugs (D:2)
  3 leopard geckos
  8 orcs
  2 giant cockroaches
  4 goblins
  4 hobgoblins
  3 jackals
  5 quokkas
  2 ball pythons
  5 bats
  9 frilled lizards
  A giant cockroach zombie (D:5)
  3 kobolds
  A quokka skeleton (D:4)
  A quokka zombie (D:5)
  4 rats
81 creatures vanquished.

Notes
Turn   | Place    | Note
-------+----------+-------------------------------------------
     0 | D:1      | letownia2 the Deep Dwarf Necromancer began the quest for the Orb.
     0 | D:1      | Reached XP level 1. HP: 15/15 MP: 3/3
   161 | D:1      | Reached XP level 2. HP: 20/22 MP: 1/5
   219 | D:2      | Reached skill level 5 in Necromancy
   348 | D:2      | Reached XP level 3. HP: 24/28 MP: 1/6
   353 | D:2      | Learned a level 3 spell: Vampiric Draining
   776 | D:4      | Got a faintly humming scale mail
   787 | D:4      | Identified the +0 scale mail of Dogma {rElec MR+ SInv Stlth+} (You found it on level 4 of the Dungeon)
   803 | D:4      | Noticed an ogre
   924 | D:4      | Noticed Robin
   965 | D:4      | Noticed a scorpion
   971 | D:4      | Killed a scorpion
   971 | D:4      | Reached skill level 6 in Necromancy
   971 | D:4      | Reached XP level 4. HP: 34/36 MP: 0/7
  1106 | D:4      | Noticed a phantom
  1119 | D:4      | Reached skill level 1 in Armour
  1311 | D:4      | Noticed an ogre
  1688 | D:4      | Reached XP level 5. HP: 39/42 MP: 8/8
  1761 | D:5      | Entered Level 5 of the Dungeon
  1942 | D:5      | Found Jarul's Magic Scroll Shoppe.
  1990 | D:5      | Found a sparkling altar of Nemelex Xobeh.
  2109 | D:5      | Noticed an ice beast
  2361 | D:5      | Reached skill level 7 in Necromancy
  2418 | D:5      | Reached XP level 6. HP: 31/49 MP: 0/9
  2455 | D:5      | Found a snail-covered altar of Cheibriados.
  2619 | D:5      | Found a staircase to the Ecumenical Temple.
  2726 | Temple   | Entered the Ecumenical Temple
  2865 | D:5      | Found a deep blue altar of Sif Muna.
  2877 | D:5      | Found a hazy altar of Hepliaklqana.
  2899 | D:5      | Killed an ice beast
  2942 | D:5      | Noticed a sky beast
  3027 | D:5      | Reached skill level 8 in Necromancy
  3339 | D:3      | Found a shattered altar of Ashenzari.
  4059 | D:2      | Reached XP level 7. HP: 47/55 MP: 0/10
  4566 | D:3      | Quit the game

Skill      XL: |  1  2  3  4  5  6 |
---------------+-------------------+-----
Spellcasting   | 2 |  2.5
Necromancy     | 5 6 7 8 |  8.3
Armour         | 1 3 |  3.0
Dodging        | |  2.1
Stealth        | |  2.4

Action                   |  1- 3 |  4- 6 |  7- 9 || total
-------------------------+-------+-------+-------++-------
Melee: Unarmed           |     4 |       |       ||     4
       Dagger            |       |    49 |    11 ||    60
 Cast: Pain              |    34 |    76 |    16 ||   126
       Vampiric Draining |     1 |    23 |     1 ||    25
 Stab: Sleeping          |       |     1 |       ||     1
  Eat: Chunk             |     1 |    13 |     2 ||    16
Armor: Robe              |     2 |       |       ||     2
       Leather armour    |     1 |     6 |       ||     7
       Scale mail        |       |    19 |    11 ||    30
       Ring mail         |       |     5 |       ||     5
Dodge: Dodged            |    14 |    60 |     6 ||    80
